 Dungeon Crawl Stone Soup version 0.27-a0-597-g524d869a0f (webtiles) character file.

Game seed: 13949573818485747596

51 robertstho the Skirmisher (level 3, -2/24 HPs)
             Began as a Gargoyle Fighter on Mar 11, 2021.
             Slain by Robin
             ... wielding a +2 vampiric trident
              (4 damage)
             ... on level 2 of the Dungeon.
             The game lasted 00:01:57 (1149 turns).

robertstho the Skirmisher (Gargoyle Fighter)        Turns: 1149, Time: 00:01:57

Health: -2/24      AC: 10    Str: 19    XL:     3   Next: 81%
Magic:  3/3        EV:  7    Int:  8    God:
Gold:   112        SH:  9    Dex: 10    Spells: 2/2 levels left

rFire    . . .     SeeInvis .   a - +0 flail
rCold    . . .     Faith    .   c - +0 kite shield
rNeg     + . .     Spirit   .   b - +0 scale mail
rPois    ∞         Reflect  .   (no helmet)
rElec    +         Harm     .   (no cloak)
rCorr    .         Rampage  .   (no gloves)
Will     .....                  (no boots)
Stlth    ..........             (no amulet)
HPRegen  0.08/turn              (no ring)
MPRegen  0.08/turn              (no ring)

@: mighty
A: negative energy resistance 1, electricity resistance, torment resistance 1,
unbreathing 1, petrification resistance, AC +3
a: no special abilities


You were on level 2 of the Dungeon.
You visited 1 branch of the dungeon, and saw 2 of its levels.

You collected 112 gold pieces.

Inventory:

Hand Weapons
 a - a +0 flail (weapon)
Armour
 b - a +0 scale mail (worn)
 c - a +0 kite shield (worn)
Scrolls
 e - a scroll of immolation


   Skills:
 * Level 3.8 Fighting
 + Level 2.4 Maces & Flails
 * Level 3.7 Armour
 + Level 0.4 Dodging
 + Level 3.7 Shields


You had 2 spell levels left.
You didn't know any spells.
Your spell library was empty.

Dungeon Overview and Level Annotations

Branches:
Dungeon (2/15)

Altars:

Annotations:
D:2 Robin


Innate Abilities, Weirdness & Mutations

Your stone body is resilient. (AC +3)
You are immune to poison.
You resist negative energy. (rN+)
You are resistant to electric shocks. (rElec)
You are resistant to unholy torment.
You can survive without breathing.
You are immune to petrification.


Message History

You kill the goblin!
The kobold hits you but does no damage. Robin throws the goblin at you!
* * * LOW HITPOINT WARNING * * *
You block the goblin's attack. The goblin hits you but does no damage.
The kobold closely misses you. Robin hits you but does no damage.
Unknown command.
You closely miss the goblin. The goblin barely misses you.
You block the goblin's attack. You block the kobold's attack.
Robin hits you but does no damage. The goblin hits you but does no damage.
The goblin closely misses you.
Unknown command.
You sock the goblin!
You kill the goblin!
The kobold hits you.
* * * LOW HITPOINT WARNING * * *
You block Robin's attack. The goblin closely misses you.
You block the kobold's attack.
Unknown command.
You block the goblin's attack.
Items here: ( )))) †.
You block the goblin's attack.
You sock the kobold!
You kill the kobold!
The hobgoblin no longer looks unusually strong.
Robin throws the goblin at you! The goblin hits you but does no damage.
Robin points. "Kill!"
You block Robin's attack. The goblin barely misses you.
You closely miss the hobgoblin. Robin hits you but does no damage.
The hobgoblin closely misses you. The goblin hits you.
* * * LOW HITPOINT WARNING * * *
Unknown command.
You closely miss the hobgoblin. You block Robin's attack.
The hobgoblin barely misses you. The goblin hits you.
* * * LOW HITPOINT WARNING * * *
You sock the hobgoblin!
You kill the hobgoblin!
The goblin hits you but does no damage. Robin closely misses you.
You block the goblin's attack.
Robin hits you from afar with a +2 vampiric trident.
You die...

#.##.##.....#
#.##.##....!#
#......?....#
##########..#.##)#.#.#
#....)...#..#.##.#.#.#.#
†.######.#†.....)#......
### #.........g.!.... #
###..####)#####.. # #(##
#@# # ##>#####g# #
#........# # #..#######
# #..# # #..# # #..# #
#..# # #..#


You could see Robin and a goblin (strong).

Vanquished Creatures
  An ooze (D:2)
  A dart slug (D:1)
  5 leopard geckos
  3 bats (D:1)
  2 giant cockroaches (D:1)
  8 goblins (D:2)
  4 hobgoblins
  3 jackals (D:1)
  A ball python (D:1)
  2 frilled lizards
  4 kobolds
  3 rats (D:1)
37 creatures vanquished.

Notes
Turn   | Place    | Note
-------+----------+-------------------------------------------
     0 | D:1      | robertstho the Gargoyle Fighter began the quest for the
                  | Orb.
     0 | D:1      | Reached XP level 1. HP: 14/14 MP: 1/1
   270 | D:1      | Reached XP level 2. HP: 19/19 MP: 2/2
   583 | D:1      | Reached XP level 3. HP: 24/24 MP: 3/3
  1121 | D:2      | Noticed Robin
  1136 | D:2      | HP: 1/24 [Robin/goblin (3)]
  1149 | D:2      | Slain by Robin

Illustrated notes

Levels and vault maps discovered:
D:1:      scummos_arrival_simple_crosswalls, layout_basic
D:2:      layout_loops_ring, ashenzari_conservatory_becter, lemuel_old_faithful,
          uniq_robin

Action                   || total
-------------------------++-------
Melee: Flail             ||   124
  Use: Scroll            ||     4
       Potion            ||     2
Armor: Scale mail        ||    83
Dodge: Dodged            ||    64
Block: Kite shield       ||    90

Table legend: (Time is in decaauts)
 A = Elapsed time spent in this place.
 B = Non-inter-level travel time spent in this place.
 C = Inter-level travel time spent in this place.
 D = Time resting spent in this place.
 E = Time spent auto-exploring this place.
 F = Levels seen in this place.
 G = Mean time per level.
                   A        B        C        D        E       F      G
               +--------+--------+--------+--------+--------+-----+--------+
         Total |   1213 |   1183 |     30 |      0 |    917 |   2 |  606.5 |
       Dungeon |   1213 |   1183 |     30 |      0 |    917 |   2 |  606.5 |
               +--------+--------+--------+--------+--------+-----+--------+

Top non-repeatable levels by time:
     D:1: 1062 daAuts
     D:2: 150 daAuts
